 Dungeon Crawl Stone Soup version 0.29-a0-459-g97dee8cd24 (webtiles) character file.

Game seed: 5130115180664132426

7740 holysushi the Nimble (level 11, 0/67 (69) HPs)
             Began as an Octopode Artificer on May 20, 2022.
             Was an Initiate of Gozag.
             Slain by a killer bee (1 damage)
             ... on level 8 of the Dungeon.
             The game lasted 00:25:38 (15218 turns).

holysushi the Nimble (Octopode Artificer)          Turns: 15218, Time: 00:25:39

HP:   0/67 (69)     AC:  1    Str: 16    XL:     11   Next: 20%
MP:   23/23         EV: 19    Int: 13    God:    Gozag
Gold: 680           SH:  7    Dex: 16    Spells: 9/10 levels left

rFire   . . .      SeeInvis .   d - +5 quick blade
rCold   . . .      Faith    .   n - +3 buckler "Kytots" {Str+3}
rNeg    . . .      Spirit   .   (helmet restricted)
rPois   .          Reflect  .   (no amulet)
rElec   .          Harm     .   s - ring of magical power
rCorr   .          Rampage  .   (no ring)
Will    .....                   (no ring)
Stlth   ++++......              (no ring)
HPRegen 0.21/turn               (no ring)
MPRegen 0.18/turn               (no ring)
                                (no ring)
                                (no ring)

@: lethally poisoned (0 -> -3), weak-willed, lightly drained
A: almost no armour, amphibious, 8 rings, camouflage 1, gelatinous body 1,
(nimble swimmer 1), tentacles
a: Renounce Religion, Potion Petition, Call Merchant, Bribe Branch


You were on level 8 of the Dungeon.
You worshipped Gozag.
Gozag was pleased with you.
You visited 2 branches of the dungeon, and saw 11 of its levels.
You also visited: Ossuary and Bailey.

You collected 802 gold pieces.
You paid 122 gold pieces to Gozag.

Inventory:

Hand Weapons
 a - a +0 dagger
 d - a +5 quick blade (weapon)
 m - a +0 short sword
 p - a +1 rapier
Missiles
 v - 3 throwing nets
Armour
 n - the +3 buckler "Kytots" (worn) {Str+3}
   (You found it on level 3 of the Dungeon)

   Str:       It affects your strength (+3).
Jewellery
 s - a ring of magical power (left tentacle)
Wands
 c - a wand of charming (12)
 w - a wand of polymorph (5)
 x - a wand of acid (2)
 y - a wand of digging (2)
Scrolls
 g - 2 scrolls of teleportation
 j - a scroll of torment
 k - a scroll of amnesia
 l - a scroll of enchant armour
 B - a scroll of poison
 D - 4 scrolls of immolation {unknown}
Potions
 b - a potion of might {unknown}
 e - a potion of experience
 f - a potion of resistance
 h - 3 potions of lignification
 i - 4 potions of flight
 o - 5 potions of curing
 q - a potion of ambrosia
 r - a potion of haste
 t - a potion of invisibility
 u - 2 potions of mutation
 z - a potion of berserk rage
 A - 2 potions of magic


   Skills:
 + Level 4.0 Fighting
 - Level 10.4 Short Blades
 * Level 11.7 Dodging
 + Level 6.0 Stealth
 + Level 1.0 Shields
 - Level 4.0 Invocations
 + Level 3.2 Evocations


You had 9 spell levels left.
You knew the following spells:

 Your Spells              Type           Power      Damage    Failure   Level
a - Apportation           Tloc           0%         N/A       38%         1

Your spell library contained the following spells:

 Spells                   Type           Power      Damage    Failure   Level
 Necrotize                Necr           0%         1d4       38%         1
 Summon Small Mammal      Summ           0%         N/A       38%         1
 Static Discharge         Conj/Air       0%         N/A       54%         2
 Airstrike                Air            0%         N/A       99%         4
 Summon Lightning Spire   Summ/Air       0%         N/A       99%         4
 Lightning Bolt           Conj/Air       0%         1d11      100%        5
 Maxwell's Capacitive Co  Air            0%         ∞         100%        8


Dungeon Overview and Level Annotations

Branches:
Dungeon (10/15)            Temple (1/1) D:4         Ossuary (visited)
 Bailey (visited)
   Lair: D:8-11         Orc: D:9-12

Altars:
Ashenzari
Dithmenos
Elyvilon
Fedhas
Gozag
Hepliaklqana
Kikubaaqudgha
Makhleb
Nemelex Xobeh
Okawaru
Qazlal
Ru
Sif Muna
Trog
Uskayaw
Vehumet
Wu Jian
Xom
Yredelemnul
Zin
The Shining One

Shops:
D:4 [

Annotations:
D:5 exclusion: downstairs
D:6 3 runed translucent doors, omnomnOMINOUS's ghost, novice OpWn
D:8 exclusion: 2 upstairs


Innate Abilities, Weirdness & Mutations

You cannot wear most types of armour.
You are amphibious.
You can wear up to eight rings at the same time.
Your skin changes colour to match your surroundings (Stealth+).
Your rubbery body absorbs attacks. (AC +1, EV +1)
((You are camouflaged when in or above water. (Stealth+)))
You have tentacles for arms and can constrict up to eight enemies at once.


Message History

The orc priest casts a cantrip, but nothing happens.
You block the killer bee's attack. The killer bee misses you.
The killer bee stings you! The killer bee misses you. x2
There is a stone staircase leading down here.
The killer bee closely misses you. You block the killer bee's attack.
The killer bee completely misses you. The killer bee misses you.
The killer bee stings you. The killer bee misses you.
You block the killer bee's attack. The killer bee stings you.
The killer bee misses you. The killer bee stings you.
You are poisoned.
The killer bee poisons you! The orc closely misses you.
The orc hits you with a +0 dagger of protection.
The wight hits you with a +3 war axe!
You feel drained.
You climb downwards.
Level annotation: exclusion: 2 upstairs You feel very sick.
There is a stone staircase leading up here.
As you read the scroll labelled PIOQYPIUGG, it crumbles to dust.
Magic quickly surges around you.
It was a scroll of vulnerability.
You feel sick. The killer bee misses you. The killer bee stings you. x3
The killer bee stings you!
* * * LOW HITPOINT WARNING * * *
The killer bee barely misses you. The killer bee misses you.
The killer bee closely misses you. You block the killer bee's attack.
The killer bee completely misses you.
The orc hits you with a +0 dagger of protection.
* * * LOW HITPOINT WARNING * * *
The orc completely misses you. The wight closely misses you.
Unknown command.
As you read the scroll labelled KOBREIBUJA, it crumbles to dust.
You hear a loud clanging noise!
It was a scroll of noise.
You feel sick.
You hear a shout!
The killer bee barely misses you. The killer bee stings you!
* * * LOW HITPOINT WARNING * * *
You block the killer bee's attack. The killer bee barely misses you.
The killer bee misses you. x2; The killer bee closely misses you.
The killer bee stings you.
You die...
Your body crumbles into a pile of gold.

#. #. ######## #.
##......## #.
##.......>## ###.
#..........# #2#
#..........# #####
#.zyy......# #_#
#.o@y......# ####.##
#.oyyo.....# #.##.#.
##.o.......###.##.#.
#............#.##...
#...................
#..........##...##..
#..........##.#.##..
#..........##.#..###
........###.##.#


You could see 5 killer bees, a wight (weak-willed), 2 orc priests and 2 orcs.

Vanquished Creatures
  Erolcha (D:9)
  An orc high priest (Bailey)
  2 orc knights (Bailey)
  Pikel (D:6)
  An orc sorcerer (Bailey)
  3 yaks (D:8)
  A wyvern (D:8)
  A steam dragon (D:7)
  3 water moccasins
  10 orc warriors (Bailey)
  A sky beast (D:6)
  2 black bears
  An ice beast (D:6)
  An ogre (D:5)
  A centaur (D:5)
  3 lemures (D:6)
  A phantom (D:5)
  A kobold brigand (D:4)
  5 elf zombies (Ossuary)
  2 bullfrogs
  2 necrophages
  A scorpion (D:6)
  4 killer bees (D:9)
  11 electric eels
  2 howler monkeys (D:10)
  5 centaur zombies (Ossuary)
  2 gnoll shamans (D:4)
  2 human zombies (Ossuary)
  2 jellies (D:6)
  Jessica (D:3)
  6 orc wizards
  2 iguanas (D:5)
  4 mummies
  15 gnolls
  6 adders
  6 white imps
  An ufetubus (D:4)
  5 worms
  2 dart slugs
  31 orcs
  4 ball pythons
  5 endoplasms
  3 giant cockroaches (D:3)
  19 goblins
  10 hobgoblins
  9 kobolds
  2 quokkas
  4 bats
  5 frilled lizards
  5 rats
218 creatures vanquished.

Vanquished Creatures (others)
  An adder (D:2)
  A ball python (D:2)
  26 plants
28 creatures vanquished.

Grand Total: 246 creatures vanquished

Notes
Turn   | Place    | Note
-------+----------+-------------------------------------------
     0 | D:1      | holysushi the Octopode Artificer began the quest for the
                  | Orb.
     0 | D:1      | Reached XP level 1. HP: 13/13 MP: 1/1
   270 | D:1      | Reached XP level 2. HP: 2/19 MP: 2/2
  1336 | D:1      | Reached XP level 3. HP: 18/25 MP: 3/3
  1657 | D:2      | Reached skill level 1 in Short Blades
  2377 | D:2      | Reached XP level 4. HP: 30/30 MP: 4/4
  3080 | D:3      | Found a faded altar of an unknown god.
  3123 | D:3      | Noticed Jessica
  3132 | D:3      | Killed Jessica
  3485 | D:3      | Identified the +3 buckler "Kytots" {Str+3}
  3500 | D:3      | Reached XP level 5. HP: 34/35 MP: 5/5
  4205 | D:4      | Found Ypumi's Antique Armour Shop.
  4812 | D:4      | Reached XP level 6. HP: 14/41 MP: 6/6
  5024 | D:4      | Reached skill level 5 in Short Blades
  5169 | D:4      | Found a staircase to the Ecumenical Temple.
  5275 | Temple   | Entered the Ecumenical Temple
  5281 | Temple   | Became a worshipper of Uskayaw the Reveller
  5349 | D:4      | Identified the +5 dagger "Teklihec" {vorpal, rPois rN+}
  5704 | D:4      | Noticed a black bear
  5707 | D:4      | Reached * piety under Uskayaw
  5708 | D:4      | Reached ** piety under Uskayaw
  5709 | D:4      | Killed a black bear
  5845 | D:4      | Reached skill level 3 in Dodging
  6295 | D:4      | Reached XP level 7. HP: 26/45 MP: 7/7
  6730 | D:5      | Entered Level 5 of the Dungeon
  6927 | D:5      | Reached skill level 4 in Dodging
  7046 | D:5      | Found a sand-covered staircase.
  7088 | Ossuary  | Entered an ossuary
  7178 | Ossuary  | Reached *** piety under Uskayaw
  7187 | Ossuary  | Reached **** piety under Uskayaw
  7395 | Ossuary  | Reached skill level 5 in Dodging
  7395 | Ossuary  | Reached XP level 8. HP: 43/51 MP: 8/8
  7397 | Ossuary  | Reached skill level 1 in Invocations
  8439 | D:4      | Reached skill level 6 in Dodging
  9197 | D:6      | Reached XP level 9. HP: 55/55 MP: 12/12
  9444 | D:6      | Noticed a gargoyle
  9630 | D:6      | Noticed Pikel
  9647 | D:6      | Reached ***** piety under Uskayaw
  9653 | D:6      | Killed Pikel
  9653 | D:6      | Reached ****** piety under Uskayaw
  9654 | D:6      | Reached skill level 7 in Dodging
  9897 | D:6      | Found a runed translucent gate.
  9898 | D:6      | Found a runed translucent gate.
  9899 | D:6      | Found a runed translucent gate.
  9900 | D:6      | Identified the +7 chain mail of Duty {rF++ rN+ Int-2}
  9901 | D:6      | Noticed omnomnOMINOUS's ghost (novice OpWn)
 10697 | D:7      | Reached skill level 8 in Dodging
 11001 | D:7      | You fall into a shaft and drop 3 floors!
 11001 | D:10     | Entered Level 10 of the Dungeon
 11001 | D:10     | Found a basalt altar of Yredelemnul.
 11006 | D:10     | Found an opulent altar of Gozag.
 11007 | D:10     | Found a shimmering altar of Xom.
 11007 | D:10     | Found a sparkling altar of Nemelex Xobeh.
 11010 | D:10     | Found a shimmering blue altar of Sif Muna.
 11014 | D:10     | Fell from the grace of Uskayaw
 11014 | D:10     | Became a worshipper of Gozag Ym Sagoz the Greedy
 11075 | D:10     | Identified the +2 pair of gloves "Plog" {*Slow Dex+2 SInv}
 11092 | D:9      | Noticed Erolcha
 11096 | D:9      | Killed Erolcha
 11097 | D:9      | Reached skill level 9 in Dodging
 11097 | D:9      | Reached XP level 10. HP: 63/63 MP: 13/13
 11441 | D:8      | Found a hazy altar of Hepliaklqana.
 11442 | D:8      | Found a glowing silver altar of Zin.
 11442 | D:8      | Found a glowing golden altar of the Shining One.
 11527 | D:8      | Reached skill level 5 in Stealth
 11540 | D:8      | Found a flagged portal.
 11550 | Bailey   | Entered a bailey
 11643 | Bailey   | Reached skill level 10 in Dodging
 11685 | Bailey   | HP: 1/63 [electric eel/bolt of electricity (12)]
 12149 | Bailey   | Noticed an orc high priest
 12379 | Bailey   | Identified the +4 flail of Wophadi {pain, rF+}
 12379 | Bailey   | Noticed an orc sorcerer
 12902 | Bailey   | Noticed an orc knight
 12921 | Bailey   | Noticed an orc knight
 14054 | Bailey   | Killed an orc sorcerer
 14260 | Bailey   | Killed an orc knight
 14261 | Bailey   | Reached skill level 10 in Short Blades
 14261 | Bailey   | Reached skill level 11 in Dodging
 14261 | Bailey   | Reached XP level 11. HP: 52/69 MP: 14/14
 14473 | Bailey   | Found an iron altar of Okawaru.
 14510 | Bailey   | Killed an orc knight
 14616 | Bailey   | Was forgiven by Uskayaw
 14666 | Bailey   | Killed an orc high priest
 14667 | Bailey   | Reached skill level 1 in Shields
 14820 | Bailey   | Acquired a +5 quick blade
 14937 | D:8      | Noticed a two-headed ogre
 15190 | D:8      | Learned a level 1 spell: Apportation
 15193 | D:8      | Found a burning altar of Makhleb.
 15193 | D:8      | Noticed a cacodemon
 15218 | D:8      | HP: 1/67 [killer bee (7)]
 15218 | D:8      | Slain by a killer bee

Illustrated notes

Levels and vault maps discovered:
D:1:      lightli_arrival_chessboard, layout_loops_ring
D:2:      layout_loops_ring
D:3:      layout_loops_ring, ebering_ecumenical_altar_webs,
          chequers_serial_rivers_large_a, uniq_jessica
D:4:      layout_loops_ring, minmay_temple_entry_gardened_gates, serial_shops,
          shop
D:5:      layout_basic, gup_ossuary_entry_pyramid
D:6:      layout_basic, biasface_ghost_orc_armoury, serial_bayou,
          serial_bayou_lagoon_b, serial_bayou_pond_a, serial_bayou_pond_a,
          serial_bayou_crossing, chequers_avenue, uniq_pikel
D:7:      layout_rooms, minmay_large_rounded_square
D:8:      layout_rooms, makhleb_altar_promises_db,
          chequers_temple_overflow_statue_of_worship, lair_entry_dummy,
          enter_bailey_7
D:9:      layout_roguey, lemuel_tele_altar, serial_shops,
          nicolae_shop_bloodbath_and_beyond, uniq_erolcha
D:10:     kennysheep_ambush_hall, layout_basic, mainiacjoe_overflow_paths,
          grunt_temple_overflow_open
Temple:   nicolae_temple_no_exploring_needed

Skill      XL: |  1  2  3  4  5  6  7  8  9 10 11 |
---------------+----------------------------------+-----
Fighting       | 2 4 |  4.0
Short Blades   | 2 3 4 5 6 7 9 10 | 10.4
Dodging        | 3 5 6 9 11 | 11.7
Invocations    | 4 |  4.0
Stealth        | 3 4 6 |  6.0
Shields        | 1 |  1.0
Evocations     | |  3.2

Action                   |  1- 3 |  4- 6 |  7- 9 | 10-12 || total
-------------------------+-------+-------+-------+-------++-------
Melee: Unarmed           |    53 |       |     1 |       ||    54
       Tentacles         |    20 |    36 |    82 |    63 ||   201
       Constrict         |    20 |    26 |    41 |    38 ||   125
       Dagger            |    42 |    22 |       |       ||    64
       Short sword       |       |    59 |       |       ||    59
       Punch             |       |     3 |     4 |     5 ||    12
       Rapier            |       |    26 |   218 |   209 ||   453
       Quick blade       |       |       |       |    13 ||    13
Evoke: Wand              |     5 |     6 |     9 |    14 ||    34
  Use: Potion            |       |     2 |       |       ||     2
       Scroll            |       |       |    17 |     4 ||    21
 Stab: Sleeping          |    10 |     3 |    10 |     4 ||    27
       Distracted        |       |     1 |     1 |     5 ||     7
       Paralysed         |       |       |     5 |       ||     5
Armor: Skin              |    10 |     2 |     8 |       ||    20
Dodge: Dodged            |    59 |    42 |    98 |    99 ||   298
Block: Buckler           |       |    22 |    57 |    28 ||   107

Table legend: (Time is in decaauts)
 A = Elapsed time spent in this place.
 B = Non-inter-level travel time spent in this place.
 C = Inter-level travel time spent in this place.
 D = Time resting spent in this place.
 E = Time spent auto-exploring this place.
 F = Levels seen in this place.
 G = Mean time per level.
                   A        B        C        D        E       F      G
               +--------+--------+--------+--------+--------+-----+--------+
         Total |  15104 |  14808 |    296 |   6752 |   4150 |  13 | 1161.8 |
       Dungeon |  11089 |  10793 |    296 |   4184 |   4072 |  10 | 1108.9 |
        Temple |     12 |     12 |      0 |      0 |      0 |   1 |   12.0 |
       Ossuary |    759 |    759 |      0 |    573 |      0 |   1 |  759.0 |
        Bailey |   3242 |   3242 |      0 |   1995 |     78 |   1 | 3242.0 |
               +--------+--------+--------+--------+--------+-----+--------+

Top non-repeatable levels by time:
  Bailey: 3242 daAuts
     D:3: 2322 daAuts
     D:4: 1662 daAuts
     D:1: 1612 daAuts
     D:6: 1601 daAuts
     D:2: 1313 daAuts
     D:5: 1221 daAuts
 Ossuary: 759 daAuts
     D:8: 755 daAuts
     D:7: 458 daAuts
    D:10: 77 daAuts
     D:9: 65 daAuts
  Temple: 12 daAuts
